 Dungeon Crawl Stone Soup version 0.21.0-3-g78d12a8 (webtiles) character file.

420 pstr the Digger (level 6, 0/51 HPs)
             Began as a Naga Earth Elementalist on Jan 14, 2018.
             Was a Believer of Cheibriados.
             Slain by an adder (1 damage)
             ... on level 4 of the Dungeon.
             The game lasted 00:16:43 (5053 turns).

pstr the Digger (Naga Earth Elementalist)           Turns: 5053, Time: 00:16:43

Health: 0/51       AC:  6    Str: 15    XL:     6   Next: 94%
Magic:  0/11       EV: 16    Int: 23    God:    Cheibriados [**....]
Gold:   85         SH:  0    Dex: 21    Spells: 8/12 levels left

rFire    . . .     SeeInvis +   b - +0 short sword
rCold    . . .     Gourm    .   (no shield)
rNeg     . . .     Faith    .   k - +0 robe (curse)
rPois    +         Spirit   .   f - +2 helmet
rElec    .         Reflect  .   (no cloak)
rCorr    .         Harm     .   (no gloves)
MR       .....                  (no barding)
Stlth    ++++......             (no amulet)
HPRegen  0.17/turn              (no ring)
MPRegen  0.12/turn              (no ring)

@: agile, lethally poisoned (0 -> 0), invisible, very slow
A: large, see invisible, deformed body, poison resistance, slowness 2, slow
metabolism 1, spit poison 1, AC +2
a: Spit Poison, Bend Time, Renounce Religion


You were on level 4 of the Dungeon.
You worshipped Cheibriados.
Cheibriados was pleased with you.
You were hungry.

You visited 1 branch of the dungeon, and saw 4 of its levels.

You collected 85 gold pieces.

Inventory:

Hand Weapons
 a - a +0 club
 b - a +0 short sword (weapon)
 l - a +0 falchion
Missiles
 m - 41 stones (quivered)
Armour
 c - a +0 robe
 f - a +2 helmet (worn)
 h - a +2 helmet
 j - a +0 leather armour of cold resistance
 k - a cursed +0 robe (worn)
 p - a cursed +0 chain mail
Wands
 g - a wand of flame (29)
Scrolls
 i - a scroll of remove curse {unknown}
 n - 2 scrolls of magic mapping
 q - a scroll of noise
 r - 2 scrolls of teleportation
 s - a scroll of random uselessness {unknown}
 t - 2 scrolls of identify
Potions
 w - a potion of agility
Books
 e - a book of Geomancy

   Spells                             Type                      Level
   a - Sandblast                      Earth                        1
   b - Passwall                       Transmutation/Earth          2
   c - Stone Arrow                    Conjuration/Earth            3
   d - Petrify                        Transmutation/Earth          4
   e - Lee's Rapid Deconstruction     Earth                        5
 o - a book of Changes

   Spells                             Type                      Level
   a - Beastly Appendage              Transmutation                1
   b - Sticks to Snakes               Transmutation                2
   c - Spider Form                    Transmutation/Poison         3
   d - Ice Form                       Ice/Transmutation            4
   e - Blade Hands                    Transmutation                5
Comestibles
 d - 6 rations
 u - 2 chunks of flesh


   Skills:
 + Level 1.0 Fighting
 + Level 0.8 Short Blades
 + Level 2.4 Dodging
 + Level 3.9 Stealth
 + Level 3.7 Spellcasting
 + Level 2.4 Conjurations
   Level 1.0 Transmutations
 + Level 4.9 Earth Magic


You had 8 spell levels left.
You knew the following spells:

 Your Spells              Type           Power        Failure   Level  Hunger
a - Sandblast             Erth           ####..       1%          1    None
b - Stone Arrow           Conj/Erth      ###...       7%          3    ###....


Dungeon Overview and Level Annotations

Branches:
Dungeon (4/15)
 Temple: D:4-7

Altars:
Cheibriados
Fedhas
Okawaru
Trog
Uskayaw
Yredelemnul


Innate Abilities, Weirdness & Mutations

You cannot wear boots.
Your serpentine skin is tough. (AC +2)
You have supernaturally acute eyesight. (SInv)
Armour fits poorly on your strangely shaped body.
Your system is resistant to poisons. (rPois)
You cover ground very slowly.
You have a slow metabolism.
You can spit poison.


Message History

Aiming: Sandblast
Press: ? - help, Shift-Dir - straight line, f/p - adder
Aim: an adder The blast of sand hits the adder.
The adder is heavily wounded.
m - 41 stones The adder bites you.
* * * LOW HITPOINT WARNING * * *
The adder misses you. The adder bites you but does no damage.
The adder bites you.
* * * LOW HITPOINT WARNING * * *
It was a potion of agility.
You feel agile all of a sudden.
* * * LOW HITPOINT WARNING * * *
You feel sick. The adder bites you but does no damage.
The worker ant completely misses you. The adder bites you but does no damage.
It was a potion of invisibility.
You fade into invisibility!
The worker ant closely misses you. The adder bites you.
You die...

#.# #.....
#.# ######
#.# ##.#
#####..#
#...).##
#.....# .
#...S.###....
#...<@.!.....
#....a###....
#.....# ..
####..# #..#
#..# ##.. #..


You could see a worker ant and an adder.

Vanquished Creatures
  Sigmund (D:3)
  Natasha (D:2)
  A centaur skeleton (D:4)
  Ijyb (D:3)
  The ghost of p0werm0de the Grave Robber, a weakling VSNe of Cheibriados (D:3)
  Robin (D:3)
  A gnoll (D:1)
  5 adders
  A worm (D:2)
  3 dart slugs
  4 orcs
  11 bats
  6 giant cockroaches
  17 goblins
  10 hobgoblins
  9 jackals
  A quokka (D:3)
  2 frilled lizards (D:1)
  5 kobolds
  8 rats
  A spectral orc (D:3)
90 creatures vanquished.

Notes
Turn   | Place    | Note
-------+----------+-------------------------------------------
     0 | D:1      | pstr the Naga Earth Elementalist began the quest for the Orb.
     0 | D:1      | Reached XP level 1. HP: 15/15 MP: 3/3
   266 | D:1      | Reached XP level 2. HP: 20/22 MP: 1/5
   679 | D:1      | Reached XP level 3. HP: 18/28 MP: 0/6
   836 | D:1      | Learned a level 3 spell: Stone Arrow
  1687 | D:2      | Reached XP level 4. HP: 26/36 MP: 1/8
  1850 | D:2      | Found a snail-covered altar of Cheibriados.
  1854 | D:2      | Became a worshipper of Cheibriados the Contemplative
  1870 | D:2      | Reached skill level 4 in Earth Magic
  2403 | D:2      | Found a hide-covered altar of Uskayaw.
  2515 | D:2      | Found a blossoming altar of Fedhas.
  2698 | D:2      | Noticed Natasha
  2706 | D:2      | Killed Natasha
  2823 | D:2      | Reached XP level 5. HP: 43/43 MP: 2/9
  3183 | D:3      | Noticed Robin
  3185 | D:3      | Reached skill level 1 in Conjurations
  3194 | D:3      | Reached * piety under Cheibriados
  3236 | D:3      | Noticed Ijyb
  3271 | D:3      | Killed Ijyb
  3621 | D:3      | Noticed p0werm0de's ghost (weakling VSNe)
  3623 | D:3      | Killed p0werm0de's ghost
  3797 | D:3      | Found a basalt altar of Yredelemnul.
  3812 | D:3      | Killed Robin
  3951 | D:3      | Found a bloodstained altar of Trog.
  4273 | D:3      | Reached ** piety under Cheibriados
  4384 | D:3      | Found a faded altar of an unknown god.
  4474 | D:3      | Noticed Sigmund
  4496 | D:3      | Killed Sigmund
  4496 | D:3      | Reached skill level 1 in Fighting
  4496 | D:3      | Reached XP level 6. HP: 22/51 MP: 0/11
  4996 | D:4      | Found an iron altar of Okawaru.
  5051 | D:4      | HP: 2/51 [adder (4)]
  5053 | D:4      | Slain by an adder

Skill      XL: |  1  2  3  4  5 |
---------------+----------------+-----
Earth Magic    | 4 |  4.9
Dodging        | 2 |  2.4
Spellcasting   | 3 |  3.7
Conjurations   | 2 |  2.4
Fighting       | 1 |  1.0
Short Blades   | |  0.8
Stealth        | |  3.9
Transmutations | |  1.0

Action                   |  1- 3 |  4- 6 || total
-------------------------+-------+-------++-------
Melee: Unarmed           |     7 |       ||     7
       Short sword       |     5 |    41 ||    46
 Cast: Sandblast         |    40 |     3 ||    43
       Stone Arrow       |    13 |    61 ||    74
 Abil: Spit Poison       |       |    24 ||    24
  Use: Scroll            |       |     4 ||     4
       Potion            |       |     5 ||     5
  Eat: Chunk             |     2 |     9 ||    11
       Ration            |     1 |     1 ||     2
Armor: Robe              |    20 |    63 ||    83
       Skin              |       |     2 ||     2
Dodge: Dodged            |    34 |   112 ||   146
